 Dungeon Crawl Stone Soup version 0.27-a0-1140-g099f9bb0e8 (webtiles) character file.

Game seed: 2951777991338036903

155 Froggeryz the Cudgeller (level 5, 0/27 HPs)
             Began as a Spriggan Abyssal Knight on May 10, 2021.
             Was a Believer of Lugonu.
             Slain by a water moccasin (10 damage)
             ... on level 3 of the Dungeon.
             The game lasted 00:06:07 (3848 turns).

Froggeryz the Cudgeller (Spriggan Abyssal Knight)   Turns: 3848, Time: 00:06:08

Health: 0/27       AC:  2    Str:  9    XL:     5   Next: 14%
Magic:  0/7        EV: 17    Int: 13    God:    Lugonu [**....]
Gold:   161        SH:  0    Dex: 15    Spells: 4/4 levels left

rFire    + . .     SeeInvis +   a - +1 mace (freeze)
rCold    + + .     Faith    .   (shield restricted)
rNeg     . . .     Spirit   +   s - +0 robe {rC+}
rPois    .         Reflect  .   (helmet restricted)
rElec    .         Harm     .   b - scarf {rC+ rF+}
rCorr    .         Rampage  .   (gloves unavailable)
Will     .....                  (boots unavailable)
Stlth    +.........             p - amulet of guardian spirit
HPRegen  0.09/turn              j - ring of flight
MPRegen  0.10/turn              (no ring)

@: flying, very quick
A: very small, no large weapons, unfitting armour, see invisible, speed 3
a: Renounce Religion, Depart the Abyss, Bend Space


You were on level 3 of the Dungeon.
You worshipped Lugonu.
Lugonu was pleased with you.
You visited 1 branch of the dungeon, and saw 4 of its levels.
You visited the Abyss 1 time.

You collected 161 gold pieces.

Inventory:

Hand Weapons
 a - a +1 mace of freezing (weapon)
 c - a +2 morningstar of protection
Armour
 b - a scarf of resistance (worn)
 s - a +0 robe of cold resistance (worn)
Jewellery
 j - a ring of flight (left hand)
 p - an amulet of guardian spirit (around neck)
Wands
 f - a wand of flame (4)
Scrolls
 h - a scroll of magic mapping
 k - 3 scrolls of silence
 m - a scroll of torment {unknown}
 n - a scroll of enchant armour {unknown}
 q - a scroll of vulnerability {unknown}
 r - a scroll of teleportation {unknown}
Potions
 d - a potion of cancellation
 e - a potion of invisibility
 l - a potion of haste {unknown}
 o - a potion of berserk rage {unknown}
Miscellaneous
 g - a condenser vane


   Skills:
 - Level 2.4 Fighting
 * Level 4.0 Maces & Flails
 - Level 3.2 Dodging
 - Level 1.7 Invocations


You had 4 spell levels left.
You didn't know any spells.
Your spell library was empty.

Dungeon Overview and Level Annotations

Branches:
Dungeon (4/15)
 Temple: D:4-7

Altars:
Zin
Beogh

Annotations:
D:3 3 runed translucent doors, Terence; feta's ghost, weakling DDFi


Innate Abilities, Weirdness & Mutations

You are very small and have problems with some larger weapons.
You are too small for most types of armour.
You have supernaturally acute eyesight. (SInv)
You cover ground extremely quickly. (Speed+++)


Message History

You barely miss the water moccasin.
The water moccasin is severely wounded.
You feel sick. The water moccasin misses you.
You hit the water moccasin. You freeze the water moccasin.
The water moccasin is severely wounded.
You feel sick. The water moccasin bites you.
* * * LOW HITPOINT WARNING * * *
The water moccasin misses you.
You closely miss the water moccasin.
The water moccasin is severely wounded.
You feel sick. The water moccasin bites you.
* * * LOW HITPOINT WARNING * * *
The water moccasin barely misses you.
You miss the water moccasin.
The water moccasin is severely wounded.
You feel sick. The water moccasin barely misses you.
You closely miss the water moccasin.
The water moccasin is severely wounded.
You feel sick.
You are no longer poisoned.
The water moccasin bites you.
* * * LOW HITPOINT WARNING * * *
You are lethally poisoned!
The water moccasin poisons you! The water moccasin misses you.
You feel better. The water moccasin bites you.
* * * LOW HITPOINT WARNING * * *
You are lethally poisoned!
The water moccasin poisons you!
Unknown command.
You hit the water moccasin but do no damage.
The water moccasin is severely wounded.
* * * LOW HITPOINT WARNING * * *
You feel very sick.
The water moccasin closely misses you. x2
Unknown command.
You feel better. The water moccasin misses you.
You hit the water moccasin. You freeze the water moccasin.
The water moccasin is almost dead.
The water moccasin bites you. The water moccasin bites you!
You die...

#.# #.# #########.# ###
#....h@...############.#
#.######..#........)...#
#.# #..#.#######..#.#
#.# #..#># #....# #)#
#.<#S# #...## #.# #..@.#
#...##### #.# #.##.#
#......#. #h# #.##.#
#........ #.#
#(##.#######.#5.J... #.#
#................... #.#
######.###..##.#.... #.#
#..# #..##.#..#. #.#
###..###......#### #.#
#.....).....#.#


You could see a water moccasin.

Vanquished Creatures
  Natasha (thrice) (D:3)
  An adder (D:2)
  A dart slug (D:1)
  8 orcs (D:3)
  4 ball pythons
  An endoplasm (D:2)
  4 giant cockroaches
  5 goblins
  2 hobgoblins (D:2)
  3 jackals (D:1)
  8 kobolds
  3 quokkas
  6 bats
  4 frilled lizards
  5 rats
58 creatures vanquished.

Vanquished Creatures (others)
  16 plants (D:3)
16 creatures vanquished.

Grand Total: 74 creatures vanquished

Notes
Turn   | Place    | Note
-------+----------+-------------------------------------------
     0 | Abyss:1  | Froggeryz the Spriggan Abyssal Knight began the quest for
                  | the Orb.
     0 | Abyss:1  | Reached XP level 1. HP: 11/11 MP: 3/3
    56 | Abyss:1  | Noticed a large abomination
    81 | Abyss:1  | Noticed a small abomination
    82 | Abyss:1  | Noticed a neqoxec
    89 | Abyss:1  | Found a hide-covered altar of Uskayaw.
   106 | Abyss:1  | Noticed a wraith
   146 | Abyss:1  | Noticed a smoke demon
   206 | Abyss:2  | Noticed a small abomination
   231 | Abyss:2  | Noticed a large abomination
   242 | Abyss:3  | Found a corrupted altar of Lugonu.
   293 | Abyss:3  | Noticed a wretched star
   300 | Abyss:3  | Noticed a thrashing horror
   314 | D:1      | Escaped the Abyss
   409 | D:1      | Reached * piety under Lugonu
   414 | D:1      | Reached skill level 2 in Maces & Flails
   414 | D:1      | Reached XP level 2. HP: 12/16 MP: 4/4
  1344 | D:2      | Reached XP level 3. HP: 13/19 MP: 5/5
  1860 | D:2      | You fall into a shaft and drop 2 floors!
  1890 | D:3      | Found a glowing silver altar of Zin.
  1908 | D:3      | Reached ** piety under Lugonu
  1916 | D:3      | Reached skill level 3 in Maces & Flails
  1922 | D:3      | Noticed feta's ghost (weakling DDFi)
  1935 | D:3      | Found a runed translucent gate.
  1958 | D:3      | Found a runed translucent gate.
  1997 | D:3      | Found a runed translucent gate.
  2382 | D:2      | Found a faded altar of an unknown god.
  2420 | D:2      | Reached XP level 4. HP: 23/23 MP: 6/6
  2555 | D:3      | Identified a scroll of acquirement
  2555 | D:3      | Acquired a +2 morningstar of protection
  2987 | D:3      | Noticed Natasha
  2989 | D:3      | Noticed a water moccasin
  3016 | D:3      | Killed Natasha
  3276 | D:3      | Noticed Terence
  3282 | D:3      | Noticed Natasha
  3301 | D:3      | Killed Natasha
  3480 | D:3      | Noticed Natasha
  3565 | D:3      | Killed Natasha
  3566 | D:3      | Reached skill level 4 in Maces & Flails
  3566 | D:3      | Reached XP level 5. HP: 3/27 MP: 2/7
  3844 | D:3      | HP: 1/27 [water moccasin (1)]
  3848 | D:3      | Slain by a water moccasin

Illustrated notes

Levels and vault maps discovered:
D:1:      lightli_arrival_isolated_outpost, layout_basic,
          minmay_misc_feat_encased, minmay_misc_feat_diagonals,
          roderic_serpentine_path
D:2:      layout_basic, shapermc_ecumenical_altar_notcrosses
D:3:      wad_lake_hut, layout_loops_ring, overflow_temple_1_default,
          biasface_ghost_orc_armoury, uniq_terence, uniq_natasha
D:4:      layout_rooms, nicolae_ru_sacrificial_ziggurat, chequers_jeans,
          minmay_crossroads

Skill      XL: |  1  2  3  4 |
---------------+-------------+-----
Maces & Flails | 2 3 4 |  4.0
Fighting       | |  2.4
Dodging        | |  3.2
Invocations    | |  1.7

Action                   |  1- 3 |  4- 6 || total
-------------------------+-------+-------++-------
Melee: Mace              |   129 |    65 ||   194
Invok: Depart the Abyss  |     1 |       ||     1
Evoke: Wand              |       |     2 ||     2
  Use: Scroll            |     3 |     4 ||     7
       Potion            |       |     2 ||     2
 Stab: Sleeping          |     3 |     1 ||     4
Armor: Robe              |    18 |     5 ||    23
Dodge: Dodged            |   118 |    57 ||   175

Table legend: (Time is in decaauts)
 A = Elapsed time spent in this place.
 B = Non-inter-level travel time spent in this place.
 C = Inter-level travel time spent in this place.
 D = Time resting spent in this place.
 E = Time spent auto-exploring this place.
 F = Levels seen in this place.
 G = Mean time per level.
                   A        B        C        D        E       F      G
               +--------+--------+--------+--------+--------+-----+--------+
         Total |   3013 |   2961 |     52 |    787 |   1449 |   7 |  430.4 |
       Dungeon |   2813 |   2761 |     52 |    787 |   1415 |   4 |  703.2 |
         Abyss |    199 |    199 |      0 |      0 |     34 |   3 |   66.3 |
               +--------+--------+--------+--------+--------+-----+--------+

Top non-repeatable levels by time:
     D:2: 1319 daAuts
     D:1: 782 daAuts
     D:3: 704 daAuts
 Abyss:1: 100 daAuts
 Abyss:3: 49 daAuts
 Abyss:2: 49 daAuts
     D:4: 7 daAuts
